 Dungeon Crawl Stone Soup version 0.19-a0-700-gd2fa977 (webtiles) character file.

11006 Ordine the Martial Artist (level 11, -4/85 HPs)
             Began as an Octopode Transmuter on June 19, 2016.
             Was a Priest of Cheibriados.
             Incinerated by a mottled dragon (6 damage)
             ... with a sticky flame
             ... on level 11 of the Dungeon.
             The game lasted 00:42:44 (15132 turns).

Ordine the Martial Artist (Octopode Transmuter)    Turns: 15132, Time: 00:42:45

Health: -4/85      AC:  7    Str: 18    XL:     11   Next: 71%
Magic:  11/14      EV: 11    Int: 25    God:    Cheibriados [***...]
Gold:   246        SH:  0    Dex: 26    Spells: 3 memorised, 5 levels left

rFire  x . .     SeeInvis .       - Unarmed
rCold  + + +     Gourm    +     (shield currently unavailable)
rNeg   . . .     Faith    .     (helmet currently unavailable)
rPois  +         Spirit   .     t - amulet of the gourmand
rElec  .         Dismiss  .     a - +3 ring of dexterity
rCorr  .         Reflect  .     w - ring of stealth
SustAt .         Harm     .     y - ring of protection from cold
MR     .....                    B - +4 ring of dexterity
Stlth  +.........               (no ring)
                                (no ring)
                                (no ring)
                                (no ring)

@: confused, liquid flames, ice-form, very slightly contaminated, hasted,
glowing, quick, not resistant to hostile enchantments, very unstealthy
A: almost no armour, amphibious, 8 rings, (constrict 8), (camouflage 0),
(gelatinous body 0)
a: End Transformation, Bend Time, Temporal Distortion, Renounce Religion


You were on level 11 of the Dungeon.
You worshipped Cheibriados.
Cheibriados was most pleased with you.
You were very full.
You were a creature of crystalline ice.
You visited 2 branches of the dungeon, and saw 12 of its levels.

You collected 646 gold pieces.
You spent 400 gold pieces at shops.

Inventory:

Armour
 h - a +1 hat (melded)
 p - a +0 buckler (melded)
Jewellery
 a - a +3 ring of dexterity (left front paw)
 t - an amulet of the gourmand (around neck)
 w - a ring of stealth (right front paw)
 y - a ring of protection from cold (on tentacle)
 B - a +4 ring of dexterity (on tentacle)
Wands
 j - a wand of iceblast (10/15)
 q - a wand of paralysis (19/24)
 r - a wand of lightning (5/15)
Scrolls
 m - a scroll of summoning
 o - 9 scrolls of remove curse
 u - 2 scrolls of recharging
 v - 2 scrolls of enchant weapon
 x - 3 scrolls of enchant armour
 C - 3 scrolls of teleportation
 H - a scroll of amnesia
Potions
 d - 2 potions of lignification
 g - 3 potions of brilliance
 D - a potion of haste
 G - a potion of magic {unknown}
 I - a potion of beneficial mutation {unknown}
Books
 b - a book of Changes

   Spells                             Type                      Level
   a - Beastly Appendage              Transmutation                1
   b - Sticks to Snakes               Transmutation                2
   c - Spider Form                    Transmutation/Poison         3
   d - Ice Form                       Ice/Transmutation            4
   e - Blade Hands                    Transmutation                5
 e - a book of Envenomations

   Spells                             Type                      Level
   a - Spider Form                    Transmutation/Poison         3
   b - Olgreb's Toxic Radiance        Poison                       4
   c - Alistair's Intoxication        Transmutation/Poison         5
   d - Poisonous Cloud                Conjuration/Poison/Air       6
 n - a book of Transfigurations

   Spells                             Type                      Level
   a - Irradiate                      Conjuration/Transmutation    5
   b - Statue Form                    Transmutation/Earth          6
   c - Hydra Form                     Transmutation                6
   d - Dragon Form                    Transmutation                7
 A - a book of Flames

   Spells                             Type                      Level
   a - Flame Tongue                   Conjuration/Fire             1
   b - Throw Flame                    Conjuration/Fire             2
   c - Conjure Flame                  Conjuration/Fire             3
   d - Inner Flame                    Hexes/Fire                   3
   e - Sticky Flame                   Conjuration/Fire             4
   f - Fireball                       Conjuration/Fire             5
 E - a book of Air

   Spells                             Type                      Level
   a - Shock                          Conjuration/Air              1
   b - Swiftness                      Charms/Air                   2
   c - Repel Missiles                 Charms/Air                   2
   d - Static Discharge               Conjuration/Air              3
   e - Lightning Bolt                 Conjuration/Air              5
Comestibles
 c - 8 bread rations
 i - 6 meat rations
 k - 7 fruits
 l - 2 beef jerkies
 s - a royal jelly
 z - a slice of pizza


   Skills:
 - Level 5.0 Fighting
 + Level 2.3 Dodging
 - Level 8.0 Stealth
 - Level 7.0 Shields
 - Level 10.1 Unarmed Combat
 - Level 2.0 Spellcasting
 - Level 10.0 Transmutations
 - Level 5.0 Ice Magic
 - Level 3.5 Invocations


You had 5 spell levels left.
You knew the following spells:

 Your Spells              Type           Power        Failure   Level  Hunger
a - Spider Form           Tmut/Pois      ####......   4%          3    ###....
b - Ice Form              Ice/Tmut       #####...     6%          4    ####...
i - Repel Missiles        Chrm/Air       #.....       17%         2    ##.....


Dungeon Overview and Level Annotations

Branches:
Dungeon (11/15)            Temple (1/1) D:7
   Lair: D:8-11         Orc: D:9-12

Altars:
Ashenzari
Cheibriados
Dithmenos
Elyvilon
Fedhas
Gozag
Hepliaklqana
Kikubaaqudgha
Makhleb
Nemelex Xobeh
Okawaru
Pakellas
Qazlal
Ru
Sif Muna
Trog
Uskayaw
Vehumet
Xom
Yredelemnul
Zin
The Shining One
Beogh

Shops:
D:4 *


Innate Abilities, Weirdness & Mutations

You cannot wear most types of armour.
You are amphibious.
You can wear up to eight rings at the same time.
((You can use your tentacles to constrict eight enemies at once.))
((Your skin changes colour to match your surroundings (Stealth+).))
((Your rubbery body absorbs attacks. (AC +1)))


Message History

You kill the mottled dragon!
Cheibriados thoroughly appreciates the change of pace.
Cheibriados raises the support of your attributes as your movement slows.
You are covered in liquid flames!
You start resting.
You are covered in liquid flames!
* * * LOW HITPOINT WARNING * * *
You start resting.
You are covered in liquid flames!
* * * LOW HITPOINT WARNING * * *
It was a potion of haste.
You feel yourself speed up.
Cheibriados forgives your accidental hurry, just this once.
You are covered in liquid flames!
* * * LOW HITPOINT WARNING * * *
You are very lightly contaminated with residual magic.
It was a potion of ambrosia.
You are confused.
You feel invigorated.
You are covered in liquid flames!
You die...

##### ....? .....######
........>..........
..................
................†#
................Y#
.................#########
..........................
..........................
...÷......................
###.......................
###.......................
..........................
.............#############


There were no monsters in sight!

Vanquished Creatures
  The ghost of Blunderbuss the Transmogrifier, a novice MfTm of Uskayaw (D:9)
  3 hill giants (D:10)
  A freezing wraith (D:10)
  2 two-headed ogres (D:8)
  A troll (D:11)
  A spriggan (D:7)
  10 yaks
  3 wyverns
  4 hippogriffs
  A mottled dragon (D:11)
  A water moccasin (D:7)
  An eye of draining (D:8)
  An ice beast (D:6)
  5 orc warriors
  3 sky beasts
  3 phantoms
  A black bear (D:7)
  7 ogres
  2 centaurs
  2 necrophages
  2 big kobolds (D:7)
  5 giant frogs
  A wyvern skeleton (D:7)
  3 scorpions
  8 wights
  A killer bee (D:10)
  2 howler monkeys
  7 crimson imps
  A quasit (D:6)
  A centaur zombie (D:10)
  2 giant frog zombies
  4 jellies
  2 hounds
  17 orc wizards
  2 orc priests (D:9)
  2 giant frog skeletons
  A gnoll shaman (D:10)
  A centaur skeleton (D:7)
  4 iguanas
  8 worker ants
  3 hound skeletons
  A mummy (D:10)
  2 worker ant zombies
  17 adders
  12 gnolls
  2 shadow imps
  2 adder zombies
  An ooze (D:4)
  An adder skeleton (D:4)
  2 worms
  A dart slug (D:1)
  6 giant geckos
  60 orcs
  14 giant cockroaches
  3 goblins (D:1)
  13 hobgoblins
  8 jackals
  4 quokkas
  2 ball pythons
  8 bats
  A giant gecko zombie (D:6)
  4 giant newts
  17 kobolds
  A quokka skeleton (D:4)
  A quokka zombie (D:6)
  6 rats
319 creatures vanquished.

Notes
Turn   | Place    | Note
--------------------------------------------------------------
     0 | D:1      | Ordine the Octopode Transmuter began the quest for the Orb.
     0 | D:1      | Reached XP level 1. HP: 13/13 MP: 3/3
   225 | D:1      | Reached skill level 1 in Stealth
   225 | D:1      | Reached XP level 2. HP: 18/18 MP: 5/5
   724 | D:1      | Reached XP level 3. HP: 13/23 MP: 6/6
   871 | D:1      | Learned a level 3 spell: Spider Form
  1751 | D:2      | Found a shadowy altar of Dithmenos.
  1910 | D:3      | Reached XP level 4. HP: 28/28 MP: 7/7
  1934 | D:3      | Learned a level 4 spell: Ice Form
  2073 | D:3      | Found a hazy altar of Hepliaklqana.
  2074 | D:3      | Found a shimmering altar of Xom.
  2074 | D:3      | Noticed a tentacled monstrosity
  2075 | D:3      | Noticed a tentacled monstrosity
  2075 | D:3      | Noticed a spectral ugly thing
  2616 | D:3      | Reached skill level 1 in Ice Magic
  2616 | D:3      | Reached XP level 5. HP: 13/33 MP: 4/8
  3081 | D:4      | Reached XP level 6. HP: 24/38 MP: 9/9
  3189 | D:4      | Reached skill level 5 in Stealth
  3454 | D:4      | Reached skill level 5 in Transmutations
  3619 | D:4      | Reached XP level 7. HP: 23/43 MP: 6/10
  4082 | D:4      | Found Rumed's Assorted Antiques.
  4151 | D:4      | Bought a scroll labeled IMAMUD JOCE for 25 gold pieces
  4793 | D:5      | Entered Level 5 of the Dungeon
  5059 | D:5      | Reached XP level 8. HP: 16/48 MP: 6/11
  5738 | D:5      | Gained mutation: Scrolls take you a little longer to read. [potion of mutation]
  5738 | D:5      | Gained mutation: You are weak. (Str -2) [potion of mutation]
  5738 | D:5      | Gained mutation: You tend to lose your temper in combat. [potion of mutation]
  5739 | D:5      | Lost mutation: You are weak. (Str -2) [potion of cure mutation]
  5739 | D:5      | Lost mutation: Scrolls take you a little longer to read. [potion of cure mutation]
  5739 | D:5      | Lost mutation: You tend to lose your temper in combat. [potion of cure mutation]
  6927 | D:6      | HP: 1/57 [something (6)]
  7439 | D:6      | Reached XP level 9. HP: 42/53 MP: 5/12
  7588 | D:6      | Reached skill level 5 in Ice Magic
  8600 | D:7      | Reached skill level 10 in Transmutations
  9313 | D:7      | Reached skill level 5 in Unarmed Combat
  9356 | D:7      | Found a staircase to the Ecumenical Temple.
  9513 | Temple   | Entered the Ecumenical Temple
  9622 | Temple   | Became a worshipper of Cheibriados the Contemplative
  9919 | D:7      | Reached XP level 10. HP: 63/63 MP: 8/13
 10737 | D:7      | Reached * piety under Cheibriados
 10845 | D:4      | Bought a papyrus book for 375 gold pieces
 11372 | D:8      | Reached skill level 5 in Fighting
 11461 | D:8      | Found a glowing silver altar of Zin.
 11516 | D:8      | Found an iron altar of Okawaru.
 11516 | D:8      | Found a radiant altar of Vehumet.
 11516 | D:8      | Found a basalt altar of Yredelemnul.
 11516 | D:8      | Found a shattered altar of Ashenzari.
 11517 | D:8      | Found a bloodstained altar of Trog.
 11519 | D:8      | Found an opulent altar of Gozag.
 11521 | D:8      | Found a blossoming altar of Fedhas.
 11954 | D:8      | Reached ** piety under Cheibriados
 12081 | D:9      | Learned a level 2 spell: Repel Missiles
 12425 | D:9      | Reached *** piety under Cheibriados
 12646 | D:9      | Found a roughly hewn altar of Beogh.
 12721 | D:9      | Found an oddly glowing altar of Pakellas.
 12725 | D:9      | Noticed Blunderbuss's ghost (novice MfTm)
 12726 | D:9      | Noticed a white ugly thing
 12737 | D:9      | Killed Blunderbuss's ghost
 12970 | D:9      | Reached XP level 11. HP: 70/70 MP: 14/14
 13069 | D:9      | Reached skill level 10 in Unarmed Combat
 13233 | D:10     | Entered Level 10 of the Dungeon
 13241 | D:10     | Reached skill level 1 in Shields
 13353 | D:10     | Reached **** piety under Cheibriados
 13401 | D:10     | Noticed a hill giant
 13417 | D:10     | Killed a hill giant
 13661 | D:10     | Reached skill level 5 in Shields
 14045 | D:10     | Noticed a hill giant
 14047 | D:10     | Noticed a hill giant
 14051 | D:10     | Killed a hill giant
 14056 | D:10     | Killed a hill giant
 14471 | D:10     | Reached skill level 1 in Invocations
 15131 | D:11     | HP: 2/85 [burnt (13)]
 15132 | D:11     | Incinerated by a mottled dragon

Vault maps used:
D:1:      lightli_iron_boxes
D:2:      nicolae_dithmenos_through_a_glass_darkly
D:3:      regret_index_temple_of_mockery, kennysheep_potato
D:4:      serial_shops, shop, portal_sewer_entry_d, first_bread
D:5:      hangedman_decor_clover_reticule
D:6:      serial_curves, eino_curves_01, eino_curves_01
D:7:      minmay_temple_entry_overgrown, the_bakery
D:8:      minitemple
D:9:      special_room, gammafunk_pakellas_cloud_experiment
D:10:     serial_undead, serial_undead_e, serial_undead_e, serial_undead_d,
          serial_undead_d, serial_undead_e, serial_undead_c
D:11:     lair_0_dummy, david_orc_5, uniq_maud
Temple:   circular_temple_12

Skill      XL: |  1  2  3  4  5  6  7  8  9 10 11 |
---------------+----------------------------------+-----
Stealth        | 1 2 3 4 5 6 8 |  8.0
Transmutations | 3 4 5 6 8 10 | 10.0
Ice Magic      | 1 2 3 4 5 |  5.0
Fighting       | 3 5 |  5.0
Unarmed Combat | 5 9 10 | 10.1
Shields        | 7 |  7.0
Invocations    | 3 |  3.5
Dodging        | |  2.3
Spellcasting   | |  2.0

Action                   |  1- 3 |  4- 6 |  7- 9 | 10-12 || total
-------------------------+-------+-------+-------+-------++-------
Melee: Unarmed           |    81 |   123 |   406 |   349 ||   959
       Constrict         |    26 |    21 |    23 |     5 ||    75
       Tentacles         |    13 |    20 |    22 |     3 ||    58
       Punch             |     2 |     1 |     1 |     1 ||     5
 Cast: Spider Form       |     1 |     5 |     5 |       ||    11
       Ice Form          |       |       |    27 |    35 ||    62
       Repel Missiles    |       |       |       |     1 ||     1
 Abil: End Transformatio |       |     1 |       |     1 ||     2
  Use: Scroll            |     8 |     3 |     9 |     5 ||    25
       Potion            |     2 |     1 |    12 |     6 ||    21
 Stab: Sleeping          |     3 |     7 |    17 |    11 ||    38
       Distracted        |       |       |       |     2 ||     2
  Eat: Chunk             |     3 |     5 |    35 |    18 ||    61
       Fruit             |       |     1 |       |       ||     1
       Royal jelly       |       |       |     1 |       ||     1
Armor: Skin              |    10 |    10 |    91 |    70 ||   181
Dodge: Dodged            |    41 |    65 |   207 |   160 ||   473
       Deflected         |       |       |       |     1 ||     1
